 Dungeon Crawl Stone Soup version 0.29.1-12-g30fa7ad0bf (webtiles) character file.

Game seed: 1782173375720724871

1223 H0rd4k the Insei (level 8, -13/55 HPs)
             Began as an Octopode Artificer on Dec 15, 2022.
             Was an Initiate of Gozag.
             Mangled by a swamp drake (14 damage)
             ... on level 7 of the Dungeon.
             The game lasted 00:07:50 (8110 turns).

H0rd4k the Insei (Octopode Artificer)               Turns: 8110, Time: 00:07:50

Health: -13/55     AC:  1    Str: 12    XL:     8   Next: 47%
Magic:  13/13      EV: 13    Int: 15    God:    Gozag
Gold:   423        SH:  0    Dex: 12    Spells: 14/14 levels left

rFire   x . .      SeeInvis .     - Unarmed
rCold   + . .      Faith    .   (no shield)
rNeg    . . .      Spirit   .   (helmet restricted)
rPois   .          Reflect  +   i - amulet of reflection
rElec   .          Harm     .   q - ring of ice
rCorr   .          Rampage  .   (no ring)
Will    .....                   (no ring)
Stlth   ++........              (no ring)
HPRegen 0.18/turn               (no ring)
MPRegen 0.13/turn               (no ring)
                                (no ring)
                                (no ring)

@: confused, mighty
A: almost no armour, amphibious, 8 rings, camouflage 1, gelatinous body 1,
(nimble swimmer 1), tentacles
a: Renounce Religion, Potion Petition, Call Merchant, Bribe Branch


You were on level 7 of the Dungeon.
You worshipped Gozag.
Gozag was aware of your devotion.
You visited 2 branches of the dungeon, and saw 9 of its levels.

You collected 509 gold pieces.
You paid 86 gold pieces to Gozag.

Inventory:

Missiles
 o - 10 poisoned darts (quivered)
 x - a throwing net
Armour
 p - an orb of light
Jewellery
 i - an amulet of reflection (around mantle)
 q - a ring of ice (left tentacle)
Wands
 b - a wand of flame (11)
 y - a wand of polymorph (6)
Scrolls
 a - 5 scrolls of identify
 d - a scroll of magic mapping {unknown}
 e - 3 scrolls of amnesia {unknown}
 f - a scroll of noise {unknown}
 g - a scroll of enchant weapon {unknown}
 h - 4 scrolls of teleportation {unknown}
 s - 2 scrolls of immolation
 t - a scroll of summoning {unknown}
 v - 2 scrolls of torment {unknown}
 w - 2 scrolls of butterflies {unknown}
Potions
 j - a potion of might
 l - a potion of degeneration {unknown}
 m - a potion of flight {unknown}
 n - 2 potions of ambrosia {unknown}
 r - a potion of resistance {unknown}
 u - a potion of invisibility {unknown}
 z - 3 potions of curing {unknown}


   Skills:
 * Level 5.1 Fighting
 - Level 2.3 Dodging
 - Level 1.3 Stealth
 + Level 2.2 Shields
 + Level 6.5 Unarmed Combat
 * Level 3.8 Spellcasting
 - Level 3.2 Evocations


You had 14 spell levels left.
You didn't know any spells.
Your spell library was empty.

Dungeon Overview and Level Annotations

Branches:
Dungeon (8/15)             Temple (1/1) D:5
   Lair: D:8-11

Altars:
Ashenzari
Dithmenos
Elyvilon
Fedhas
Gozag
Hepliaklqana
Kikubaaqudgha
Ru
Sif Muna
Vehumet
Wu Jian
Xom
Yredelemnul
Zin
The Shining One

Shops:
D:5 [   D:6 ?

Annotations:
D:3 exclusion: centaur
D:6 exclusion: downstairs


Innate Abilities, Weirdness & Mutations

You cannot wear most types of armour.
You are amphibious.
You can wear up to eight rings at the same time.
Your skin changes colour to match your surroundings (Stealth+).
Your rubbery body absorbs attacks. (AC +1, EV +1)
((You are camouflaged when in or above water. (Stealth+)))
You have tentacles for arms and can constrict up to eight enemies at once.


Message History

You miss the swamp drake.
The swamp drake is heavily wounded.
You are engulfed in noxious fumes.
You choke on the stench!
You are more confused.
You feel sick. The swamp drake closely misses you.
You're too confused to move!
You are engulfed in noxious fumes.
You choke on the stench!
You are more confused.
You feel sick. The swamp drake barely misses you.
You barely miss the swamp drake. You tentacle-slap the swamp drake!
The swamp drake is almost dead.
You are engulfed in noxious fumes.
You choke on the stench!
You are more confused.
You feel sick.
You are no longer poisoned.
The swamp drake bites you.
You bump into the rock wall.
The swamp drake breathes poison at you.
The noxious blast engulfs you but does no damage.
You are poisoned.
You bump into the rock wall.
You are engulfed in noxious fumes.
You feel sick. The swamp drake bites you.
You bump into the rock wall.
You are engulfed in noxious fumes.
You choke on the stench!
You are more confused.
You feel sick. The swamp drake bites you.
* * * LOW HITPOINT WARNING * * *
You bump into the rock wall.
You feel sick.
You are no longer poisoned.
The swamp drake misses you.
You bump into the rock wall.
The swamp drake bites you!
* * * LOW HITPOINT WARNING * * *
You're too confused to move!
The swamp drake bites you.
* * * LOW HITPOINT WARNING * * *
You bump into the rock wall.
The swamp drake bites you.
* * * LOW HITPOINT WARNING * * *
The swamp drake attacks as you move away!
The swamp drake bites you!
You die...
Your body crumbles into a pile of gold.

#.. #.#.# #######.# #..
....##### #.......#
###.###.......# #.####### #
.#####.......#####.####.# .
..........##.##....D....#
............#[....##.######
#...........##)#####.#
...........###>#####.#
..........## #.k@....#
..........############
................#
.#[##.###....##.# .#.##.#
##.#.##.# .Z....# #.#.##.#
.<...## #.#.##.# .....#
#.#.##.# .....# #......#


You could see a swamp drake.

Vanquished Creatures
  Grinder (D:3)
  A centaur (D:6)
  A bullfrog (D:5)
  2 necrophages
  3 wights
  2 orc priests
  Jessica (D:2)
  2 gnoll boudas
  2 iguanas
  2 orc wizards (D:7)
  8 gnolls
  3 adders
  A shadow imp (D:7)
  2 worms
  2 dart slugs
  12 orcs
  An endoplasm (D:2)
  4 giant cockroaches
  7 goblins
  3 hobgoblins
  6 jackals
  4 quokkas
  6 ball pythons
  3 bats
  3 frilled lizards
  6 kobolds
  4 rats
92 creatures vanquished.

Vanquished Creatures (collateral kills)
  2 wights (D:7)
  An adder (D:4)
  3 goblins
  A jackal (D:2)
7 creatures vanquished.

Vanquished Creatures (others)
  A scorpion (D:4)
  A gnoll (D:5)
  5 plants (D:5)
  9 withered plants (D:7)
16 creatures vanquished.

Grand Total: 115 creatures vanquished

Notes
Turn   | Place    | Note
-------+----------+-------------------------------------------
     0 | D:1      | H0rd4k the Octopode Artificer began the quest for the Orb.
     0 | D:1      | Reached XP level 1. HP: 13/13 MP: 1/1
   359 | D:1      | Reached XP level 2. HP: 4/18 MP: 1/3
   780 | D:1      | Reached skill level 1 in Spellcasting
  1655 | D:2      | Reached XP level 3. HP: 24/24 MP: 4/4
  1995 | D:2      | Found a faded altar of an unknown god.
  2119 | D:2      | Noticed Jessica
  2125 | D:2      | Killed Jessica
  2126 | D:2      | Reached skill level 1 in Unarmed Combat
  2126 | D:2      | Reached XP level 4. HP: 4/30 MP: 6/6
  3175 | D:3      | Reached skill level 2 in Unarmed Combat
  3175 | D:3      | Reached XP level 5. HP: 29/36 MP: 8/8
  3248 | D:3      | Noticed a centaur
  3325 | D:3      | Noticed Grinder
  3343 | D:3      | Killed Grinder
  3344 | D:3      | Reached skill level 3 in Unarmed Combat
  3344 | D:3      | Reached XP level 6. HP: 18/42 MP: 8/10
  4637 | D:5      | Entered Level 5 of the Dungeon
  4637 | D:5      | Found a glowing silver altar of Zin.
  4645 | D:5      | Reached skill level 4 in Unarmed Combat
  4660 | D:5      | Reached skill level 1 in Shields
  4660 | D:5      | Reached XP level 7. HP: 44/47 MP: 11/11
  4725 | D:5      | Found a staircase to the Ecumenical Temple.
  4773 | Temple   | Entered the Ecumenical Temple
  4831 | Temple   | Became a worshipper of Gozag Ym Sagoz the Greedy
  4984 | D:5      | Found Ycwom's Armour Boutique.
  5611 | D:6      | Found Zung's Magic Scroll Boutique.
  5652 | D:6      | Reached skill level 5 in Unarmed Combat
  6080 | D:7      | Reached XP level 8. HP: 13/54 MP: 13/13
  6412 | D:7      | Noticed a hellwing
  6978 | D:6      | Reached skill level 6 in Unarmed Combat
  7206 | D:7      | Reached skill level 5 in Fighting
  8109 | D:7      | HP: 1/55 [swamp drake (6)]
  8110 | D:7      | Mangled by a swamp drake

Illustrated notes

Levels and vault maps discovered:
D:1:      minmay_arrival_hallway, layout_loops_ring, corexii_hall_statues_i,
          chequers_decorated_corner
D:2:      layout_rooms, shapermc_ecumenical_altar_totnotflames, uniq_jessica
D:3:      layout_loops_ring, uniq_grinder
D:4:      layout_rooms, eino_tiny_chamber, hangedman_abyss_or_decor_lesser_grid,
          fountainhead
D:5:      layout_cave_pools, lemuel_crystal_altar,
          minmay_temple_entry_mini_moons, serial_shops, shop, serial_bayou,
          serial_bayou_shore_b, serial_bayou_pond_c, serial_bayou_shore_b,
          serial_bayou_ford_a, kennysheep_crisscross
D:6:      layout_rooms, serial_shops, nicolae_square_shop, nicolae_eternal_life
D:7:      cheibrodos_grave_circle, layout_loops_cross, roderic_roman_lattice
D:8:      layout_gridville, jiyva_altar_1
Temple:   nicolae_temple_bog_church

Skill      XL: |  1  2  3  4  5  6  7  8 |
---------------+-------------------------+-----
Spellcasting   | 1 2 3 |  3.8
Fighting       | 2 3 4 5 |  5.1
Unarmed Combat | 1 2 3 4 5 6 |  6.5
Shields        | 1 2 |  2.2
Dodging        | |  2.3
Stealth        | |  1.3
Evocations     | |  3.2

Action                   |  1- 3 |  4- 6 |  7- 9 || total
-------------------------+-------+-------+-------++-------
Melee: Unarmed           |    82 |    90 |    86 ||   258
       Tentacles         |    22 |    26 |    26 ||    74
       Constrict         |    25 |    28 |    18 ||    71
       Punch             |     2 |     2 |     2 ||     6
Throw: Dart              |       |       |     2 ||     2
Evoke: Wand              |     2 |     4 |    19 ||    25
  Use: Potion            |       |       |     3 ||     3
       Scroll            |       |       |     1 ||     1
 Stab: Sleeping          |     6 |     6 |     2 ||    14
       Distracted        |     1 |       |     1 ||     2
Armor: Skin              |     7 |     5 |     3 ||    15
Dodge: Dodged            |    42 |    50 |    48 ||   140
Block: Other             |     1 |    23 |    17 ||    41
